 Dungeon Crawl Stone Soup version 0.29-a0-1043-g569b05d6ff (webtiles) character file.

Game seed: 12147495308383241749

83 gelatine the Firebug (level 4, -1/30 HPs)
             Began as a Demonspawn Fire Elementalist on Aug 15, 2022.
             Slain by a river rat (2 damage)
             ... summoned by Eustachio
             ... on level 5 of the Dungeon.
             The game lasted 00:10:38 (3737 turns).

gelatine the Firebug (Demonspawn Fire Elementalist) Turns: 3737, Time: 00:10:38

Health: -1/30      AC:  5    Str:  4    XL:     4   Next: 22%
Magic:  6/8        EV: 12    Int: 22    God:
Gold:   896        SH:  5    Dex: 20    Spells: 3/8 levels left

rFire   . . .      SeeInvis .   i - staff of air
rCold   . . .      Faith    .   (no shield)
rNeg    + . .      Spirit   .   a - +0 robe
rPois   +          Reflect  +   (helmet restricted)
rElec   +          Harm     +   m - +1 cloak of Virtue {Harm}
rCorr   .          Rampage  .   k - +0 pair of gloves
Will    .....                   (no boots)
Stlth   +++.......              c - amulet of Awe {Reflect rPois Str-4 Int+4 Dex+6 SH+5 Stlth+}
HPRegen 0.10/turn               e - ring of positive energy
MPRegen 0.11/turn               (no ring)

@: no status effects
A: horns 1, weakness stinger 1
a: no special abilities


You were on level 5 of the Dungeon.
You visited 1 branch of the dungeon, and saw 5 of its levels.

You collected 896 gold pieces.

Inventory:

Armour
 a - a +0 robe (worn)
 k - a +0 pair of gloves (worn)
 m - the +1 cloak of Virtue (worn) {Harm}
   (You found it on level 2 of the Dungeon)

   Harm:      It increases damage dealt and taken.
Magical Staves
 i - a staff of air (weapon)
Jewellery
 c - the amulet of Awe (around neck) {Reflect rPois Str-4 Int+4 Dex+6 SH+5 Stlth+}
   (You found it on level 3 of the Dungeon)

   [amulet of reflection]

   It reflects blocked missile attacks.
   Str:       It affects your strength (-4).
   Int:       It affects your intelligence (+4).
   Dex:       It affects your dexterity (+6).
   rPois:     It protects you from poison.
   SH:        It affects your SH (+5).
   Stlth:     It makes you more stealthy.
 e - a ring of positive energy (left hand)
Scrolls
 d - a scroll of magic mapping {unknown}
 f - 2 scrolls of noise
 g - a scroll of brand weapon
 h - 2 scrolls of enchant armour
 j - a scroll of butterflies


   Skills:
 + Level 0.2 Fighting
 + Level 0.2 Maces & Flails
 + Level 1.9 Dodging
 + Level 1.9 Stealth
 + Level 2.7 Spellcasting
 + Level 1.9 Conjurations
 + Level 3.5 Fire Magic
 * Level 0.1 Air Magic


You had 3 spell levels left.
You knew the following spells:

 Your Spells              Type           Power      Damage    Failure   Level
a - Foxfire               Conj/Fire      60%        2x1d7     4%          1
b - Scorch                Fire           36%        2d6       4%          2
c - Blink                 Tloc           6%         N/A       19%         2

Your spell library contained the following spells:

 Spells                   Type           Power      Damage    Failure   Level
 Conjure Flame            Conj/Fire      15%        6-21      12%         3
 Inner Flame              Hex/Fire       10%        N/A       19%         3
 Flame Wave               Conj/Fire      15%        2d7       38%         4
 Airstrike                Air            2%         2d(1-17)  75%         4
 Summon Lightning Spire   Summ/Air       5%         N/A       77%         4
 Lightning Bolt           Conj/Air       5%         1d17      92%         5
 Manifold Assault         Tloc           3%         N/A       98%         5
 Storm Form               Tmut/Air       2%         N/A       100%        7


Dungeon Overview and Level Annotations

Branches:
Dungeon (5/15)
 Temple: D:4-7

Altars:
Cheibriados

Shops:
D:1 ?

Annotations:
D:5 Eustachio


Innate Abilities, Weirdness & Mutations

You have a pair of small horns on your head.
You have a small tail.


Message History

You kill the rat!
The rat's corpse disappears in a puff of smoke!
The river rat bites you but does no damage.
Casting: Foxfire (safe; 4% risk of failure)
Confirm with . or Enter, or press ? or * to list all spells.
You conjure some foxfire!
The bat hits you.
The foxfire hits the bat.
You kill the bat!
The bat's corpse disappears in a puff of smoke!
Eustachio hits you with a +0 rapier.
* * * LOW HITPOINT WARNING * * *
You block the shadow imp's attack.
The river rat bites you but does no damage.
Casting: Foxfire (safe; 4% risk of failure)
Confirm with . or Enter, or press ? or * to list all spells.
You conjure some foxfire!
The foxfire hits the shadow imp.
The shadow imp is almost dead.
The foxfire hits the bat.
The bat is severely wounded.
The shadow imp hits you but does no damage.
Eustachio hits you with a +0 rapier.
* * * LOW HITPOINT WARNING * * *
The crimson imp hits you.
* * * LOW HITPOINT WARNING * * *
You block the river rat's attack.
You feel better.
The crimson imp disappears in a puff of smoke!
The foxfire hits Eustachio.
Eustachio is heavily wounded.
The bat hits you but does no damage. x2; Eustachio hits you with a +0 rapier!
* * * LOW HITPOINT WARNING * * *
The shadow imp gestures at you. Pain shoots through your body!
* * * LOW HITPOINT WARNING * * *
The river rat barely misses you.
You hit Eustachio.
Eustachio is heavily wounded.
The shadow imp disappears in a puff of smoke!
The bat hits you but does no damage. x2; You block Eustachio's attack.
The river rat bites you.
You die...

#.# ## #.
#.#... #.
######.#._.
#. #....#....
#. #....####
##.##.....#
###...#.....#
#.....§.....#
#...@@b.#<###
#...r§.##.#
##....###..
#.#.## ####
#.## #


You could see Eustachio, a river rat (summoned) and a bat (summoned).

Vanquished Creatures
  A gnoll (D:2)
  3 adders (D:2)
  A worm (D:2)
  2 dart slugs
  2 endoplasms
  3 giant cockroaches
  3 goblins
  7 hobgoblins
  2 jackals (D:1)
  A kobold (D:1)
  2 quokkas
  3 ball pythons
  2 bats
  4 frilled lizards
  4 rats
40 creatures vanquished.

Vanquished Creatures (collateral kills)
  2 foxfires (D:1)
2 creatures vanquished.

Vanquished Creatures (others)
  139 foxfires
  2 fungi (D:1)
  4 plants (D:1)
145 creatures vanquished.

Grand Total: 187 creatures vanquished

Notes
Turn   | Place    | Note
-------+----------+-------------------------------------------
     0 | D:1      | gelatine the Demonspawn Fire Elementalist began the quest
                  | for the Orb.
     0 | D:1      | Reached XP level 1. HP: 13/13 MP: 3/3
   524 | D:1      | Found a faded altar of an unknown god.
   526 | D:1      | Found Pacras's Magic Scroll Shop.
   744 | D:1      | Reached skill level 3 in Fire Magic
   744 | D:1      | Discovered your monstrous ancestry.
   744 | D:1      | Gained mutation: You have a pair of small horns on your
                  | head. [demonic ancestry]
   744 | D:1      | Reached XP level 2. HP: 19/19 MP: 0/5
  1669 | D:2      | Reached XP level 3. HP: 23/24 MP: 2/6
  2018 | D:2      | Identified the +1 cloak of Virtue {Harm}
  2415 | D:2      | Gained mutation: You have a small tail. [demonic ancestry]
  2415 | D:2      | Reached XP level 4. HP: 10/30 MP: 3/8
  2648 | D:2      | Learned a level 2 spell: Scorch
  2651 | D:2      | Learned a level 2 spell: Blink
  2843 | D:3      | Identified a scroll of acquirement
  2848 | D:3      | Acquired 672 gold pieces
  2895 | D:3      | Identified the amulet of Awe {Reflect rPois Str-4 Int+4
                  | Dex+6 SH+5 Stlth+}
  3461 | D:4      | Noticed a black bear
  3461 | D:4      | Noticed an ogre
  3477 | D:4      | Noticed an ogre
  3490 | D:5      | Entered Level 5 of the Dungeon
  3715 | D:5      | Found a snail-covered altar of Cheibriados.
  3716 | D:5      | Noticed Eustachio
  3736 | D:5      | HP: 1/30 [shadow imp/nerve-wracking pain[Eustachio] (1)]
  3737 | D:5      | Slain by a river rat

Illustrated notes

Levels and vault maps discovered:
D:1:      beargit_arrival_diablo_church, layout_loops_corners,
          shapermc_ecumenical_altar_mp_ritualfount, serial_shops, shop_scrolls,
          nrook_uturn
D:2:      layout_basic, kennysheep_generic_room_11
D:3:      layout_loops_ring
D:4:      layout_loops_corners, st_stairs_2
D:5:      minmay_recursive_quarters, layout_loops_cross,
          mainiacjoe_overflow_alcove_4, gammafunk_temple_overflow_pools,
          temple_doors_e, guppyfry_early_lair_pool, uniq_crazy_yiuf_cottage,
          uniq_eustachio

Skill      XL: |  1 |
---------------+----+-----
Fire Magic     | 3 |  3.5
Fighting       | |  0.2
Maces & Flails | |  0.2
Dodging        | |  1.9
Stealth        | |  1.9
Spellcasting   | |  2.7
Conjurations   | |  1.9
Air Magic      | |  0.1

Action                   |  1- 3 |  4- 6 || total
-------------------------+-------+-------++-------
Melee: Club              |    42 |     2 ||    44
       Punch             |     1 |       ||     1
       Headbutt          |     7 |       ||     7
       Staff             |       |     7 ||     7
       Tailslap          |       |     1 ||     1
 Cast: Foxfire           |    66 |    20 ||    86
       Scorch            |       |     6 ||     6
  Use: Scroll            |     1 |     7 ||     8
       Potion            |     4 |     2 ||     6
Armor: Robe              |    15 |    16 ||    31
Dodge: Dodged            |    33 |    15 ||    48
Block: Other             |       |     7 ||     7

Table legend: (Time is in decaauts)
 A = Elapsed time spent in this place.
 B = Non-inter-level travel time spent in this place.
 C = Inter-level travel time spent in this place.
 D = Time resting spent in this place.
 E = Time spent auto-exploring this place.
 F = Levels seen in this place.
 G = Mean time per level.
                   A        B        C        D        E       F      G
               +--------+--------+--------+--------+--------+-----+--------+
         Total |   3748 |   3567 |    181 |    338 |   2741 |   5 |  749.6 |
       Dungeon |   3748 |   3567 |    181 |    338 |   2741 |   5 |  749.6 |
               +--------+--------+--------+--------+--------+-----+--------+

Top non-repeatable levels by time:
     D:1: 1574 daAuts
     D:2: 1126 daAuts
     D:3: 743 daAuts
     D:5: 247 daAuts
     D:4: 56 daAuts
